 Dungeon Crawl Stone Soup version 0.26.0-16-gc1dbca0489 (webtiles) character file.

Game seed: 2321197439276639334

19859 hawla the Destroyer (level 12, 0/85 HPs)
             Began as a Green Draconian Conjurer on Jan 21, 2021.
             Was an Elder of Vehumet.
             Killed from afar by Frances (13 damage)
             ... with a shard of ice
             ... on level 12 of the Dungeon.
             The game lasted 01:03:05 (19132 turns).

hawla the Destroyer (Green Draconian Conjurer)     Turns: 19132, Time: 01:03:06

Health: 0/85       AC: 11    Str: 11    XL:     12   Next: 40%
Magic:  9/25       EV: 12    Int: 29    God:    Vehumet [****..]
Gold:   738        SH:  7    Dex:  9    Spells: 9/30 levels left

rFire    + . .     SeeInvis +   g - staff of poison
rCold    . . .     Faith    .   e - +3 buckler
rNeg     . . .     Spirit   .   (armour unavailable)
rPois    +         Reflect  .   (helmet restricted)
rElec    .         Harm     .   (no cloak)
rCorr    .         Rampage  .   M - +0 pair of gloves
Will     .....                  D - +1 pair of boots
Stlth    ++........             (no amulet)
HPRegen  0.24/turn              b - ring of see invisible
MPRegen  0.19/turn              u - +6 ring of intelligence

@: very slightly contaminated
A: breathe noxious fumes, unfitting armour, stinger 1, talons 1, fire resistance
1, poison resistance, evolution 1, cold-blooded, AC +8
a: Breathe Noxious Fumes, Renounce Religion


You were on level 12 of the Dungeon.
You worshipped Vehumet.
Vehumet was greatly pleased with you.
You visited 2 branches of the dungeon, and saw 13 of its levels.
You also visited: Ossuary.

You collected 738 gold pieces.

Inventory:

Hand Weapons
 d - a +1 whip
 z - the cursed +3 great mace "Jyener" {vamp, *Noise Str+2 Int+5}
   (You found it on level 7 of the Dungeon)

   It inflicts no extra harm, but heals its wielder when it wounds a living foe.
   It affects your strength (+2).
   It affects your intelligence (+5).
   It may make noises in combat.
   It has a curse placed upon it.
 A - the +1 spear "Buorykam" {flame, *Slow Dex+6}
   (You found it on level 7 of the Dungeon)

   It has been specially enchanted to burn those struck by it, causing extra
   injury to most foes and up to half again as much damage against particularly
   susceptible opponents.
   It affects your dexterity (+6).
   It may slow you when you take damage.
 G - a +0 scimitar of flaming
Missiles
 c - 12 boomerangs
 f - 8 boomerangs of dispersal
 k - 6 silver boomerangs
 o - 2 throwing nets
 t - 7 javelins
 L - 13 poisoned darts (quivered)
Armour
 e - a +3 buckler (worn)
 D - a +1 pair of boots (worn)
 K - a +2 buckler
 M - a +0 pair of gloves (worn)
Magical Staves
 g - an uncursed staff of poison (weapon)
 I - an uncursed staff of air
Jewellery
 a - an uncursed ring of wizardry
 b - a ring of see invisible (left hand)
 i - an uncursed amulet of faith
 u - a +6 ring of intelligence (right hand)
Wands
 h - a wand of flame (27)
 y - a wand of digging (9)
Scrolls
 l - 2 scrolls of magic mapping
 m - 4 scrolls of vulnerability
 p - 7 scrolls of enchant armour
 q - 7 scrolls of remove curse
 x - a scroll of blinking
 E - a scroll of fog
 J - 4 scrolls of identify
Potions
 j - 6 potions of curing
 n - 3 potions of lignification {unknown}
 r - 2 potions of mutation
 s - a potion of resistance
 v - a potion of invisibility {unknown}
 w - 2 potions of berserk rage
 B - a potion of might {unknown}
 C - 2 potions of brilliance {unknown}
 F - 4 potions of flight
Miscellaneous
 H - a phial of floods


   Skills:
 - Level 2.0 Fighting
 + Level 3.5 Staves
 - Level 1.0 Throwing
 - Level 3.0 Dodging
 - Level 3.0 Stealth
 - Level 4.0 Shields
 + Level 9.7 Spellcasting
 - Level 10.0 Conjurations
 - Level 5.1 Translocations
 - Level 5.6 Transmutations
 - Level 9.0 Fire Magic
 - Level 6.9 Poison Magic
 - Level 4.0 Evocations


You had 9 spell levels left.
You knew the following spells:

 Your Spells              Type           Power        Failure   Level
a - Magic Dart            Conj           100%         1%          1
b - Searing Ray           Conj           100%         1%          2
c - Iskenderun's Mystic   Conj/Tloc      55%          1%          4
d - Ignite Poison         Fire/Tmut/Pois 71%          1%          3
e - Conjure Flame         Conj/Fire      62%          1%          3
f - Starburst             Conj/Fire      31%          3%          6
g - Blink                 Tloc           N/A          1%          2

Your spell library contained the following spells:

 Spells                   Type           Power        Failure   Level
 Sticky Flame             Conj/Fire      62%          1%          4
 Dazzling Flash           Conj/Hex       86%          1%          3
 Gell's Gravitas          Tloc           22%          1%          3
 Mephitic Cloud           Conj/Pois/Air  63%          1%          3
 Fulminant Prism          Conj/Hex       21%          1%          4
 Call Imp                 Summ           14%          6%          2
 Slow                     Hex            14%          6%          2
 Yara's Violent Unravell  Hex/Tmut       15%          9%          5
 Confusing Touch          Hex            14%          12%         3
 Petrify                  Tmut/Erth      30%          12%         4
 Metabolic Englaciation   Hex/Ice        7%           71%         5


Dungeon Overview and Level Annotations

Branches:
Dungeon (12/15)            Temple (1/1) D:4            Lair (0/6) D:8
    Orc (0/2) D:9         Ossuary (visited)

Altars:
Ashenzari
Cheibriados
Dithmenos
Elyvilon
Fedhas
Gozag
Hepliaklqana
Kikubaaqudgha
Makhleb
Nemelex Xobeh
Okawaru
Qazlal
Ru
Sif Muna
Trog
Uskayaw
Vehumet
Wu Jian
Xom
Yredelemnul
Zin
The Shining One

Shops:
D:5 }   D:7 ?

Annotations:
D:12 Frances


Innate Abilities, Weirdness & Mutations

You can breathe blasts of noxious fumes.
Your lurid green scales are hard. (AC +8)
You cannot fit into any form of body armour.
Your system is resistant to poisons. (rPois)
You are cold-blooded and may be slowed by cold attacks.
Your tail ends in a poisonous barb.
You have sharp toenails.
Your flesh is heat resistant. (rF+)
You evolve.


Message History

Okay, then.
Okay, then.
Okay, then.
Casting: Starburst (dangerous; 3% risk of failure)
Confirm with . or Enter, or press ? or * to list all spells.
You blink.
Frances mutters a nigh-unspeakable word.
You block Frances's attack.
Casting: Blink (safe; 1% risk of failure)
Confirm with . or Enter, or press ? or * to list all spells.
You blink.
Frances chants phrases taken from a devil's mouth.
The iron shot hits you!!
* * * LOW HITPOINT WARNING * * *
Okay, then.
You feel better.
Frances says, "I value strength and power.
I see none of this in you."
Frances screams a word of power!
The shard of ice hits you!
You die...

### .. ########.# #.#
#......... #..#
#......... #########.##
#...(..... #......@...#
#......... #........@.#
#........รท
#..........####.........
#.......T..##...........
#........).##.#.........
#.......).((..#.........
#.........)####.........
###.######## #####.####
#..#


You could see Frances (fast) and a troll.

Vanquished Creatures
  Erolcha (D:10)
  3 boulder beetles
  A hydra (D:11)
  A centaur warrior (D:10)
  2 two-headed ogres
  An unseen horror (D:9)
  Pikel (D:7)
  4 ugly things
  A cyclops (D:12)
  Maggie (D:7)
  An efreet (D:9)
  2 trolls
  Grinder (D:6)
  A slime creature (D:9)
  Sigmund (D:5)
  9 yaks
  Menkaure (Ossuary)
  3 wargs
  An acid dragon (D:11)
  A water moccasin (D:8)
  8 orc warriors
  3 sky beasts
  4 black bears
  2 ice beasts
  3 phantoms
  A necrophage (D:9)
  15 centaurs
  5 ogres
  An eye of draining (D:5)
  2 lemures (D:7)
  3 big kobolds
  8 bullfrogs
  A wyvern zombie (D:10)
  A water moccasin zombie (D:6)
  3 scorpions
  12 killer bees
  12 wights
  A bullfrog zombie (D:9)
  2 centaur zombies
  11 hounds
  A bullfrog skeleton (D:7)
  18 orc wizards
  10 orc priests
  2 centaur skeletons
  4 jellies
  6 iguanas
  12 worker ants
  3 hound zombies
  3 hound skeletons
  3 mummies (Ossuary)
  A worker ant zombie (D:9)
  4 gnolls (D:5)
  8 adders
  A shadow imp (D:9)
  4 white imps
  3 ufetubi
  5 oozes
  An adder skeleton (D:5)
  2 worms (D:2)
  3 dart slugs
  5 leopard geckos
  53 orcs
  5 ball pythons
  7 giant cockroaches
  5 gnoll zombies (Ossuary)
  4 goblins
  7 hobgoblins
  11 jackals
  16 kobolds
  4 quokkas
  6 bats
  6 frilled lizards
  6 gnoll skeletons (Ossuary)
  A goblin skeleton (Ossuary)
  4 goblin zombies (Ossuary)
  6 hobgoblin skeletons (Ossuary)
  4 hobgoblin zombies (Ossuary)
  A jackal zombie (D:6)
  6 kobold skeletons (Ossuary)
  5 kobold zombies (Ossuary)
  2 leopard gecko skeletons
  A leopard gecko zombie (D:5)
  An orc skeleton (Ossuary)
  3 orc zombies (Ossuary)
  A quokka zombie (D:4)
  2 rats (D:2)
  5 rat skeletons (Ossuary)
  5 rat zombies
411 creatures vanquished.

Vanquished Creatures (others)
  A frilled lizard (D:5)
1 creature vanquished.

Grand Total: 412 creatures vanquished

Notes
Turn   | Place    | Note
-------+----------+-------------------------------------------
     0 | D:1      | hawla the Draconian Conjurer began the quest for the Orb.
     0 | D:1      | Reached XP level 1. HP: 14/14 MP: 3/3
   180 | D:1      | Reached skill level 1 in Fighting
   180 | D:1      | Reached XP level 2. HP: 12/23 MP: 1/5
   183 | D:1      | Learned a level 2 spell: Searing Ray
   792 | D:2      | Reached skill level 1 in Shields
  1013 | D:2      | Reached XP level 3. HP: 27/28 MP: 1/6
  1484 | D:2      | Reached XP level 4. HP: 24/35 MP: 1/8
  1495 | D:2      | Learned a level 4 spell: Iskenderun's Mystic Blast
  1764 | D:2      | Found a snail-covered altar of Cheibriados.
  1764 | D:2      | Found a radiant altar of Vehumet.
  1764 | D:2      | Found an iron altar of Okawaru.
  1764 | D:2      | Found a shadowy altar of Dithmenos.
  1803 | D:2      | Became a worshipper of Vehumet
  2280 | D:3      | Reached skill level 1 in Translocations
  2627 | D:3      | Reached XP level 5. HP: 33/40 MP: 5/9
  2760 | D:3      | Found a sparkling altar of Nemelex Xobeh.
  2761 | D:3      | Found a blossoming altar of Fedhas.
  3068 | D:4      | Found a sand-covered staircase.
  3078 | Ossuary  | Entered an ossuary
  3378 | Ossuary  | Reached * piety under Vehumet
  3378 | Ossuary  | Offered knowledge of Foxfire by Vehumet.
  3889 | Ossuary  | Offered knowledge of Freeze by Vehumet.
  3891 | Ossuary  | Reached ** piety under Vehumet
  3944 | Ossuary  | Noticed Menkaure
  3979 | Ossuary  | Killed Menkaure
  3980 | Ossuary  | Reached XP level 6. HP: 12/47 MP: 4/11
  4599 | D:4      | Found a staircase to the Ecumenical Temple.
  4623 | Temple   | Entered the Ecumenical Temple
  4751 | D:4      | Reached skill level 5 in Conjurations
  4828 | D:4      | Your scales start taking on a lurid green colour.
  4828 | D:4      | Reached XP level 7. HP: 53/53 MP: 6/13
  4828 | D:4      | Gained mutation: Your system is resistant to poisons.
                  | (rPois) [Green Draconian growth]
  5111 | D:4      | Reached skill level 1 in Throwing
  5716 | D:5      | Entered Level 5 of the Dungeon
  5795 | D:5      | Offered knowledge of Ignite Poison by Vehumet.
  5800 | D:5      | Learned a level 3 spell: Ignite Poison
  5933 | D:5      | Noticed Sigmund
  5939 | D:5      | Killed Sigmund
  5940 | D:5      | Reached skill level 1 in Poison Magic
  6050 | D:5      | Reached skill level 1 in Transmutations
  6050 | D:5      | Reached skill level 1 in Fire Magic
  6050 | D:5      | Reached XP level 8. HP: 31/61 MP: 10/14
  6265 | D:5      | Found Ytemexaw's Gadget Emporium.
  6500 | D:5      | Gained mutation: You are weak. (Str -2) [potion of
                  | mutation]
  6500 | D:5      | Gained mutation: Scrolls take you a little longer to read.
                  | [potion of mutation]
  6500 | D:5      | Gained mutation: You have a pair of small horns on your
                  | head. [potion of mutation]
  6501 | D:5      | Reached *** piety under Vehumet
  6996 | D:5      | Offered knowledge of Conjure Flame by Vehumet.
  7017 | D:5      | Learned a level 3 spell: Conjure Flame
  7249 | D:5      | Reached skill level 6 in Conjurations
  7388 | D:6      | Lost mutation: You are weak. (Str -2) [potion of mutation]
  7388 | D:6      | Lost mutation: Scrolls take you a little longer to read.
                  | [potion of mutation]
  7388 | D:6      | Gained mutation: You possess an exceptional clarity of
                  | mind. [potion of mutation]
  7388 | D:6      | Gained mutation: Your spells are a little easier to cast,
                  | but a little less powerful. [potion of mutation]
  7388 | D:6      | Lost mutation: You possess an exceptional clarity of mind.
                  | [potion of mutation]
  7388 | D:6      | Gained mutation: Your tail ends in a poisonous barb.
                  | [potion of mutation]
  7423 | D:6      | Reached skill level 5 in Spellcasting
  7903 | D:6      | Reached XP level 9. HP: 60/67 MP: 4/16
  8213 | D:6      | Reached **** piety under Vehumet
  8596 | D:6      | Noticed Grinder
  8597 | D:6      | Paralysed by Grinder for 6 turns
  8606 | D:6      | Killed Grinder
  8907 | D:7      | Noticed Maggie
  9201 | D:7      | Killed Maggie
  9291 | D:7      | Found Vanwucae's Magic Scroll Shop.
  9344 | D:7      | Got a crude great mace
  9345 | D:7      | Identified the cursed +3 great mace "Jyener" {vamp, *Noise
                  | Str+2 Int+5} (You found it on level 7 of the Dungeon)
  9429 | D:6      | Noticed a rust devil
  9429 | D:6      | Noticed a rust devil
  9976 | D:7      | Noticed Pikel
  9987 | D:7      | Killed Pikel
  9988 | D:7      | Reached skill level 7 in Conjurations
  9988 | D:7      | Reached skill level 5 in Translocations
  9988 | D:7      | Reached skill level 5 in Poison Magic
 10406 | D:7      | Found a white marble altar of Elyvilon.
 10420 | D:7      | Got a smoking spear
 10421 | D:7      | Identified the +1 spear "Buorykam" {flame, *Slow Dex+6}
                  | (You found it on level 7 of the Dungeon)
 10615 | D:7      | Found a stormy altar of Qazlal.
 10735 | D:7      | Reached XP level 10. HP: 73/73 MP: 15/19
 11178 | D:8      | Offered knowledge of Bolt of Magma by Vehumet.
 11186 | D:8      | Found a staircase to the Lair.
 11545 | D:8      | Reached skill level 5 in Fire Magic
 11548 | D:8      | Reached skill level 5 in Transmutations
 11914 | D:8      | Noticed a two-headed ogre
 11922 | D:8      | Killed a two-headed ogre
 12404 | D:9      | Found a blossoming altar of Fedhas.
 12405 | D:9      | Found a glowing golden altar of the Shining One.
 12405 | D:9      | Found a broken altar of Ashenzari.
 12405 | D:9      | Found a sparkling altar of Nemelex Xobeh.
 12580 | D:9      | Reached ***** piety under Vehumet
 12585 | D:9      | Offered knowledge of Starburst by Vehumet.
 12597 | D:9      | Learned a level 6 spell: Starburst
 12844 | D:9      | Noticed a boulder beetle
 12850 | D:9      | Found a staircase to the Orcish Mines.
 12862 | D:9      | Learned a level 2 spell: Blink
 13163 | D:9      | Reached skill level 8 in Conjurations
 13464 | D:9      | Noticed an unseen horror
 13475 | D:9      | Killed an unseen horror
 13476 | D:9      | Reached XP level 11. HP: 76/79 MP: 14/21
 14323 | D:9      | Noticed a two-headed ogre
 14333 | D:9      | Killed a two-headed ogre
 14333 | D:9      | Noticed a boulder beetle
 14619 | D:9      | Lost mutation: Your spells are a little easier to cast, but
                  | a little less powerful. [potion of mutation]
 14619 | D:9      | Lost mutation: You have a pair of small horns on your head.
                  | [potion of mutation]
 14619 | D:9      | Gained mutation: You evolve. [potion of mutation]
 14619 | D:9      | Gained mutation: You have sharp toenails. [potion of
                  | mutation]
 14619 | D:9      | Gained mutation: Your flesh is heat resistant. (rF+)
                  | [potion of mutation]
 15449 | D:9      | Killed a boulder beetle
 15654 | D:10     | Entered Level 10 of the Dungeon
 15892 | D:10     | Reached skill level 9 in Conjurations
 16154 | D:10     | Noticed Erolcha
 16226 | D:10     | Noticed a centaur warrior
 16239 | D:10     | Killed a centaur warrior
 16240 | D:10     | Reached skill level 1 in Evocations
 16646 | D:10     | Killed Erolcha
 16808 | D:11     | Offered knowledge of Sticky Flame by Vehumet.
 16869 | D:11     | Noticed a six-headed hydra
 16876 | D:11     | Killed a six-headed hydra
 17020 | D:11     | Noticed a red ugly thing
 17029 | D:11     | Killed a red ugly thing
 17178 | D:11     | Noticed a green ugly thing
 17186 | D:11     | Killed a green ugly thing
 17655 | D:11     | Reached XP level 12. HP: 85/85 MP: 9/24
 17808 | D:11     | Noticed a boulder beetle
 17828 | D:11     | Killed a boulder beetle
 18174 | D:11     | Noticed a boulder beetle
 18185 | D:11     | Killed a boulder beetle
 18186 | D:11     | Reached skill level 10 in Conjurations
 18310 | D:12     | Noticed Frances
 18376 | D:12     | Reached skill level 1 in Staves
 19132 | D:12     | Killed from afar by Frances

Illustrated notes

Levels and vault maps discovered:
D:1:      dpeg_arrival_shrine, layout_basic
D:2:      layout_loops_ring, chequers_temple_overflow_statue_of_worship,
          minmay_ruptured
D:3:      layout_basic, lemuel_crystal_altar, lemuel_doored_altar
D:4:      layout_cave_pools, minmay_temple_entry_ruins, serial_co_window_serial,
          co_window_paths_a, co_window_corner_a, co_window_paths_a,
          co_window_of_opportunity_a, co_window_of_opportunity_a,
          co_window_of_opportunity_a, co_window_paths_a, co_window_cross_4,
          co_window_broadway_b, co_window_broadway_c, co_window_broadway_c,
          glass_columns_a, glass_columns_b, glass_columns_b, glass_columns_c,
          glass_columns_c, enter_ossuary_4
D:5:      minmay_chambers_of_threes, layout_loops_ring, serial_shops,
          nicolae_shop_behind_doors, uniq_sigmund
D:6:      cheibrodos_iron_armory, layout_loops_ring, uniq_grinder
D:7:      layout_gridville, kennysheep_little_box, elyvilon_altar_1,
          serial_shops, nicolae_shop_trees, minivault_10, uniq_pikel,
          uniq_menkaure, uniq_maggie
D:8:      layout_basic, erik_lair_orcish_takeover
D:9:      minmay_the_grid_octo_2x2 [minmay_the_grid_octo_shrine,
          minmay_the_grid_octo_chip, minmay_the_grid_octo_pinwheel,
          minmay_the_grid_octo_prize_ultimate_mussel_roller], layout_stronghold,
          orc_0_dummy
D:10:     layout_basic, uniq_erolcha
D:11:     layout_roguey
D:12:     layout_roguey, uniq_frances
Temple:   nicolae_temple_great_sept

Skill      XL: |  1  2  3  4  5  6  7  8  9 10 11 12 |
---------------+-------------------------------------+-----
Fighting       | 1 2 |  2.0
Dodging        | 2 3 |  3.0
Stealth        | 2 3 |  3.0
Shields        | 1 2 3 4 |  4.0
Spellcasting   | 3 4 5 6 7 8 9 |  9.7
Translocations | 1 2 3 4 5 |  5.1
Conjurations   | 5 6 7 8 9 10 | 10.0
Throwing       | 1 |  1.0
Poison Magic   | 1 3 5 6 |  6.9
Transmutations | 1 2 4 5 |  5.6
Fire Magic     | 1 2 4 6 8 9 |  9.0
Evocations     | 3 4 |  4.0
Staves         | 3 |  3.5

Action                   |  1- 3 |  4- 6 |  7- 9 | 10-12 || total
-------------------------+-------+-------+-------+-------++-------
Melee: Whip              |    28 |   120 |    85 |    72 ||   305
       Tailslap          |     4 |    12 |     7 |    12 ||    35
       Unarmed           |     1 |       |       |       ||     1
       Headbutt          |       |       |    14 |    10 ||    24
       Staff             |       |       |       |    29 ||    29
Throw: Boomerang         |       |     2 |     6 |     5 ||    13
       Dart              |       |       |       |     8 ||     8
 Cast: Magic Dart        |    39 |    74 |    46 |    82 ||   241
       Searing Ray       |     8 |    36 |    72 |   125 ||   241
       Iskenderun's Myst |       |     3 |    32 |    83 ||   118
       Ignite Poison     |       |       |     4 |     9 ||    13
       Conjure Flame     |       |       |       |     5 ||     5
       Starburst         |       |       |       |    13 ||    13
       Blink             |       |       |       |     5 ||     5
 Abil: Breathe Noxious F |       |       |     4 |    13 ||    17
  Use: Scroll            |     5 |    12 |     5 |    10 ||    32
       Potion            |       |       |     5 |     4 ||     9
 Stab: Distracted        |       |     1 |       |       ||     1
       Confused          |       |       |       |     1 ||     1
Armor: Skin              |    12 |    35 |    40 |    75 ||   162
Dodge: Dodged            |    30 |    61 |   122 |   111 ||   324
Block: Buckler           |       |       |    41 |   103 ||   144
